 Dungeon Crawl Stone Soup version 0.20-a0-465-g6513c8f (webtiles) character file.

1152 M4edhros the Covert (level 8, 0/48 HPs)
             Began as an Octopode Artificer on Jan 12, 2017.
             Succumbed to an adder's poison
             ... on level 5 of the Dungeon.
             The game lasted 00:06:55 (4180 turns).

M4edhros the Covert (Octopode Artificer)            Turns: 4180, Time: 00:06:56

Health: 0/48       AC:  1    Str: 11    XL:     8   Next: 38%
Magic:  10/10      EV: 13    Int: 14    God:
Gold:   174        SH:  0    Dex: 14    Spells: 7/7 levels left

rFire  . . .     SeeInvis .     q - +0 short sword (venom)
rCold  . . .     Gourm    .     (no shield)
rNeg   . . .     Faith    .     (helmet restricted)
rPois  .         Spirit   .     (no amulet)
rElec  .         Reflect  .     (no ring)
rCorr  .         Harm     .     (no ring)
MR     .....                    (no ring)
Stlth  +++++.....               (no ring)
                                (no ring)
                                (no ring)
                                (no ring)
                                (no ring)

@: lethally poisoned (0 -> -6)
A: almost no armour, stealthy swim, amphibious, 8 rings, constrict 8, camouflage
1, gelatinous body 1
a: no special abilities


You were on level 5 of the Dungeon.
You were not hungry.

You visited 1 branch of the dungeon, and saw 5 of its levels.

You collected 174 gold pieces.

Inventory:

Hand Weapons
 a - a +0 short sword
 e - a +0 hunting sling
 q - a +0 short sword of venom (weapon)
Missiles
 j - 143 stones (quivered)
Jewellery
 m - an uncursed ring of ice {unknown}
 x - an uncursed ring of ice {unknown}
Wands
 b - a wand of flame (0/48)
 c - a wand of enslavement (8/24)
 d - a wand of random effects (1/48)
Scrolls
 k - a scroll of blinking {unknown}
 l - 3 scrolls of identify {unknown}
 n - a scroll of teleportation {unknown}
 o - a scroll of noise {unknown}
 p - a scroll of fear {unknown}
 r - a scroll of remove curse {unknown}
 u - a scroll of random uselessness {unknown}
 v - a scroll of fog {unknown}
 w - a scroll of magic mapping {unknown}
Books
 y - a Young Poisoner's Handbook

   Spells                             Type                      Level
   a - Sting                          Conjuration/Poison           1
   b - Poisonous Vapours              Poison/Air                   2
   c - Mephitic Cloud                 Conjuration/Poison/Air       3
   d - Olgreb's Toxic Radiance        Poison                       4
   e - Venom Bolt                     Conjuration/Poison           5
Comestibles
 f - 5 bread rations
 g - 4 meat rations


   Skills:
 - Level 1.0 Fighting
 - Level 1.0 Short Blades
 + Level 6.9 Slings
 - Level 2.0 Dodging
 + Level 9.5 Stealth
 - Level 3.2 Evocations


You had 7 spell levels left.
You didn't know any spells.

Dungeon Overview and Level Annotations

Branches:
Dungeon (5/15)
 Temple: D:4-7

Altars:
Ru
Trog
Zin


Innate Abilities, Weirdness & Mutations

You cannot wear most types of armour.
You are very stealthy in the water. (Stealth+)
You are amphibious.
You can wear up to eight rings at the same time.
You can use your tentacles to constrict eight enemies at once.
Your skin changes colour to match your surroundings (Stealth+).
Your rubbery body absorbs attacks. (AC +1, EV +1)


Message History

The adder poisons you!
It was a potion of cure mutation.
It has a very clean taste.
* * * LOW HITPOINT WARNING * * *
You feel sick.
You kill the adder!
You hit the orc. You grab the orc.
The orc is heavily wounded.
You constrict the orc.
* * * LOW HITPOINT WARNING * * *
You feel sick. The orc barely misses you.
Unknown command.
You hit the orc.
The orc is poisoned.
You squeeze the orc.
You kill the orc!
* * * LOW HITPOINT WARNING * * *
You feel sick.
Unknown command.
Things that are here:
a flail; a leather armour; an orc corpse A scorpion comes into view.
You die...

## #.. .### #.. # ...## #.#
.# ..(.# #.# ##'## ....# #.#
##...## ....# #.### ##...<.##
...## #.#.## ##.......##
..#########....####.........#
.........).....)@†'.........+
..####.####....####....s....#
#..# #.# #.#.## ##.......##
##.###.# #...# ##..)..##
.......# ###.# ##...##
##.##### #.# ##'## #.# #.#
#)# #.# #.# o.# #.# #.# ##.#


You could see a scorpion (wandering).

Vanquished Creatures
  A sky beast (D:5)
  Sigmund (D:5)
  Menkaure (D:5)
  A phantom (D:5)
  2 ogres
  A scorpion (D:5)
  A hound (D:4)
  2 bullfrog skeletons
  An orc wizard (D:5)
  3 worker ants
  6 adders
  A howler monkey skeleton (D:5)
  An adder zombie (D:5)
  A worm (D:4)
  2 leopard geckos
  8 orcs
  A ball python (D:2)
  A giant cockroach (D:2)
  6 goblins
  5 hobgoblins
  A quokka (D:2)
  3 bats
  2 frilled lizards (D:4)
  6 kobolds
  4 rats
62 creatures vanquished.

Vanquished Creatures (collateral kills)
  The ghost of M4edhros the Covert, a novice OpAr of Xom (D:5)
  An adder (D:4)
2 creatures vanquished.

Vanquished Creatures (others)
  A water moccasin (D:5)
  A bat (D:2)
  A kobold (D:2)
3 creatures vanquished.

Grand Total: 67 creatures vanquished

Notes
Turn   | Place    | Note
-------+----------+-------------------------------------------
     0 | D:1      | M4edhros the Octopode Artificer began the quest for the Orb.
     0 | D:1      | Reached XP level 1. HP: 13/13 MP: 3/3
   155 | D:1      | Reached skill level 2 in Stealth
   389 | D:1      | Reached XP level 2. HP: 18/18 MP: 4/4
   480 | D:2      | Found a sacrificial altar of Ru.
   497 | D:2      | Reached skill level 1 in Slings
   708 | D:2      | Reached skill level 3 in Stealth
  1046 | D:2      | Reached XP level 3. HP: 18/23 MP: 5/5
  1422 | D:4      | Reached skill level 4 in Stealth
  1422 | D:4      | Reached XP level 4. HP: 3/28 MP: 6/6
  1724 | D:4      | Reached XP level 5. HP: 18/33 MP: 7/7
  2074 | D:4      | Noticed a sky beast
  2248 | D:4      | Found a glowing silver altar of Zin.
  2405 | D:4      | Noticed an ogre
  2425 | D:4      | Killed an ogre
  2425 | D:4      | Reached skill level 5 in Stealth
  2425 | D:4      | Reached XP level 6. HP: 13/38 MP: 8/8
  2669 | D:4      | Reached skill level 6 in Stealth
  2914 | D:5      | Entered Level 5 of the Dungeon
  2997 | D:5      | Found a bloodstained altar of Trog.
  3067 | D:5      | Noticed Sigmund
  3070 | D:5      | Noticed M4edhros's ghost (novice OpAr)
  3129 | D:5      | Killed M4edhros's ghost
  3129 | D:5      | Reached skill level 7 in Stealth
  3129 | D:5      | Reached XP level 7. HP: 29/43 MP: 9/9
  3173 | D:5      | Reached skill level 5 in Slings
  3392 | D:5      | Noticed Menkaure
  3398 | D:5      | Killed Menkaure
  3398 | D:5      | Reached skill level 8 in Stealth
  3594 | D:5      | Killed Sigmund
  3594 | D:5      | Reached XP level 8. HP: 16/48 MP: 10/10
  3988 | D:5      | Killed a sky beast
  3988 | D:5      | Reached skill level 9 in Stealth
  4176 | D:5      | HP: 2/48 [poisoned by an adder]
  4180 | D:5      | Succumbed to an adder's poison

Vault maps used:
D:1:      shiori_shiawase
D:2:      lemuel_crystal_altar
D:4:      zin_statuary, serial_glass, glass_columns_b, glass_columns_b,
          first_bread
D:5:      kennysheep_mini_moat, uniq_menkaure, uniq_sigmund, uniq_blork_the_orc

Skill      XL: |  1  2  3  4  5  6  7  8 |
---------------+-------------------------+-----
Stealth        | 2 3 4 5 7 8 9 |  9.5
Slings         | 1 2 3 4 6 |  6.9
Fighting       | |  1.0
Short Blades   | |  1.0
Dodging        | |  2.0
Evocations     | |  3.2

Action                   |  1- 3 |  4- 6 |  7- 9 || total
-------------------------+-------+-------+-------++-------
Melee: Short sword       |    62 |    34 |    45 ||   141
       Constrict         |    15 |     8 |    10 ||    33
       Tentacles         |     6 |     5 |    10 ||    21
Evoke: Wand              |    10 |    10 |    16 ||    36
  Use: Potion            |       |       |     5 ||     5
 Stab: Sleeping          |     6 |     5 |     1 ||    12
       Confused          |       |       |     2 ||     2
  Eat: Chunk             |     1 |     5 |     3 ||     9
       Beef jerky        |       |       |     1 ||     1
Armor: Skin              |    11 |       |     1 ||    12
Dodge: Dodged            |    47 |    14 |    30 ||    91
